Map: Para Site LE

Players

Cham

  • Race: Zerg Zerg
  • League: Grandmaster
  • Spawn Location: 11:00

Lambo - Winner!

  • Race: Zerg Zerg
  • League: Grandmaster
  • Spawn Location: 5:00

VOD

Have the link to the VOD?

Description

Time

  • Played on: Jan. 6, 2019, 3:38 p.m.
  • Length: 10:29
Show
View Real Time Build Order
Export as new Build Order

Cham Zerg 

Build Orders: Hatch First, Lurkers 

Get SALT Encoding   

  12  0:00  Drone  
  13  0:08  Drone  
  14  0:19  Overlord  
  14  0:38  Drone x3  
  17  0:50  Hatchery  
  17  0:55  Drone  
  17  1:00  Drone  
  18  1:04  Extractor  
  17  1:13  Spawning Pool  
  16  1:19  Drone  
  16  1:22  Drone  
  18  1:33  Drone  
  19  1:51  Overlord  
  19  1:58  Drone  
  19  2:01  Queen  
  22  2:03  Queen  
  22  2:05  Zergling x2  
  22  2:06  Zergling x2  
  22  2:07  Metabolic Boost  
  26  2:13  Drone  
  27  2:19  Drone  
  28  2:26  Drone  
  28  2:27  Drone  
  30  2:43  Hatchery  
  29  2:47  Drone x2  
  29  2:48  Baneling Nest  
  29  2:50  Zergling x2  
  31  2:53  Drone  
  31  2:56  Drone  
  33  2:59  Drone  
  33  3:04  Queen  
  36  3:16  Overlord  
  36  3:21  Overlord  
  36  3:34  Drone  
  36  3:35  Drone x5  
  42  3:43  Drone x2  
  42  3:45  Drone x2  
  42  3:46  Drone x3  
  49  3:51  Overlord  
  49  3:56  Overlord  
  49  3:57  Drone  
  50  4:03  Overlord  
  50  4:05  Drone  
  50  4:07  Drone  
  50  4:09  Lair  
  51  4:10  Extractor  
  51  4:11  Roach Warren  
  51  4:14  Drone  
  51  4:17  Drone x2  
  52  4:18  Drone  
  52  4:21  Drone x2  
  52  4:22  Drone  
  56  4:24  Drone  
  56  4:26  Drone x2  
  56  4:29  Drone  
  56  4:30  Drone  
  56  4:31  Drone  
  62  4:32  Drone  
  62  4:36  Overlord, Extractor x2  
  61  4:38  Pneumatized Carapace  
  61  4:43  Drone x2  
  61  4:45  Overlord  
  63  4:46  Drone  
  63  4:47  Drone  
  63  4:49  Drone  
  63  4:51  Drone  
  67  4:53  Extractor  
  67  4:54  Extractor  
  67  4:55  Drone  
  67  4:59  Overlord  
  66  5:00  Drone  
  66  5:03  Drone  
  66  5:06  Drone x5  
  73  5:07  Overseer  
  73  5:09  Evolution Chamber, Glial Reconstitution  
  73  5:11  Drone x2  
  74  5:18  Hatchery  
  74  5:21  Drone  
  74  5:23  Overlord  
  74  5:26  Roach  
  74  5:27  Roach  
  78  5:28  Overlord  
  78  5:36  Drone x4  
  82  5:43  Hydralisk Den, Drone x2  
  82  5:45  Spore Crawler  
  82  5:46  Spore Crawler  
  81  5:50  Roach x2, Spore Crawler  
  81  5:51  Spore Crawler  
  81  5:52  Spore Crawler  
  81  5:53  Drone x2  
  81  5:54  Drone  
  85  5:58  Spore Crawler  
  85  6:00  Spore Crawler  
  85  6:03  Spore Crawler  
  85  6:04  Spore Crawler, Zerg Missile Weapons Level 1  
  82  6:08  Spore Crawler  
  82  6:09  Spore Crawler  
  79  6:11  Roach x2  
  79  6:17  Overlord  
  83  6:22  Spore Crawler, Baneling x2  
  83  6:23  Roach x3  
  88  6:31  Lurker Den  
  87  6:36  Hydralisk x3  
  87  6:37  Hydralisk x2  
  87  6:38  Hydralisk  
  99  6:43  Hydralisk x2  
  103  6:47  Hydralisk  
  103  6:51  Hydralisk  
  103  6:52  Hydralisk x2  
  111  6:57  Drone  
  111  6:59  Drone x2  
  111  7:01  Drone x2  
  116  7:02  Hydralisk x2  
  116  7:05  Drone  
  116  7:07  Hydralisk  
  123  7:10  Roach x2  
  123  7:26  Hydralisk x2  
  123  7:27  Spine Crawler, Hydralisk x3  
  123  7:28  Spine Crawler  
  131  7:31  Spore Crawler  
  131  7:34  Overlord x2  
  130  7:37  Overlord x2  
  128  7:45  Overlord  
  128  7:47  Spore Crawler  
  128  7:49  Spore Crawler  
  126  7:56  Hydralisk x3  
  126  7:57  Hydralisk x2  
  132  8:01  Hydralisk x3  
  132  8:04  Hydralisk  
  118  8:08  Hydralisk x2  
  116  8:13  Hydralisk x2  
  116  8:16  Hydralisk  
  105  8:22  Hydralisk x2  
  105  8:23  Hydralisk  
  99  8:28  Lurker x3  
  99  8:30  Lurker  
  99  8:31  Roach  
  99  8:32  Roach  
  101  8:42  Roach  
  101  8:43  Roach x2  
  107  8:50  Lurker x2  
  107  8:51  Lurker, Hydralisk x4  
  116  9:03  Drone  
  116  9:06  Overlord, Drone  
  116  9:09  Spore Crawler  
  117  9:10  Drone  
  117  9:11  Spore Crawler, Drone x2  
  117  9:12  Spore Crawler  
  116  9:22  Hydralisk x2  
  116  9:23  Hydralisk  
  114  9:26  Hydralisk x3  
  120  9:32  Spore Crawler  
  120  9:33  Hydralisk  
  120  9:35  Spore Crawler  
  120  9:36  Hydralisk  
  117  9:44  Hydralisk  
  117  9:45  Hydralisk x2  
  116  9:50  Hydralisk  
  117  9:54  Hydralisk  
  117  9:57  Hydralisk  
  115  10:01  Hydralisk  
  108  10:13  Hatchery  
Show
View Real Time Build Order
Export as new Build Order

Lambo Zerg - Winner!

Build Orders: Hatch First, Muta Ling Bane 

Get SALT Encoding   

  12  0:00  Drone  
  13  0:13  Overlord  
  13  0:17  Drone  
  14  0:32  Drone x2  
  16  0:48  Hatchery  
  15  0:50  Drone  
  15  0:54  Drone  
  17  0:57  Drone  
  18  1:08  Extractor  
  17  1:12  Spawning Pool  
  17  1:15  Drone  
  17  1:19  Drone  
  18  1:29  Drone  
  19  1:45  Drone  
  20  1:57  Overlord  
  20  2:00  Queen x2  
  20  2:01  Drone  
  25  2:02  Drone  
  26  2:09  Metabolic Boost  
  26  2:11  Drone  
  26  2:13  Drone  
  28  2:22  Drone  
  29  2:23  Zergling x2  
  30  2:34  Hatchery  
  30  2:36  Zergling x2  
  30  2:45  Baneling Nest  
  30  2:46  Zergling x2  
  30  2:48  Drone x2  
  32  2:54  Overlord  
  32  2:57  Drone  
  33  3:11  Drone x3  
  36  3:13  Drone x3  
  36  3:16  Drone x2  
  41  3:20  Evolution Chamber  
  41  3:26  Lair  
  40  3:28  Drone  
  40  3:33  Extractor x2  
  39  3:34  Overlord  
  39  3:37  Drone  
  39  3:39  Drone  
  41  3:42  Drone  
  41  3:44  Drone x2  
  41  3:46  Drone  
  45  3:53  Drone x3  
  45  3:54  Overlord  
  48  3:58  Zerg Melee Weapons Level 1  
  48  4:01  Drone x2  
  50  4:04  Drone  
  50  4:06  Drone  
  50  4:09  Extractor  
  52  4:10  Drone x2  
  52  4:13  Drone  
  52  4:14  Drone  
  52  4:15  Drone  
  52  4:16  Drone  
  57  4:20  Overlord  
  56  4:26  Spire  
  55  4:35  Drone  
  55  4:36  Drone  
  57  4:40  Roach Warren  
  57  4:42  Drone  
  57  4:43  Drone  
  57  4:45  Drone x6  
  64  4:52  Drone x2  
  66  4:53  Extractor x2  
  66  4:56  Queen, Drone x2  
  68  5:01  Overlord  
  68  5:03  Drone x2  
  68  5:06  Overlord  
  70  5:13  Drone x2  
  72  5:16  Drone x2  
  74  5:29  Hatchery  
  74  5:30  Overlord  
  73  5:37  Overlord  
  73  5:38  Zerg Flyer Weapons Level 1, Mutalisk x5  
  73  5:41  Mutalisk  
  85  5:45  Mutalisk x2  
  89  5:55  Mutalisk, Zerg Melee Weapons Level 2  
  91  6:01  Drone x2  
  91  6:02  Drone x6  
  99  6:06  Mutalisk, Extractor  
  99  6:10  Extractor, Mutalisk  
  101  6:12  Zergling x6  
  101  6:18  Overlord x3  
  104  6:20  Mutalisk  
  106  6:30  Overlord  
  106  6:33  Overlord  
  104  6:41  Overlord, Mutalisk x4  
  104  6:46  Overseer  
  110  6:47  Pneumatized Carapace  
  110  6:49  Zergling x2  
  110  6:50  Zergling x10  
  115  6:54  Mutalisk  
  115  6:57  Queen  
  115  6:58  Overlord  
  115  6:59  Zergling x10  
  124  7:02  Centrifical Hooks  
  124  7:08  Mutalisk  
  122  7:16  Mutalisk x2  
  122  7:18  Zergling x16  
  134  7:25  Mutalisk x2  
  138  7:31  Mutalisk  
  138  7:33  Zergling x10  
  138  7:35  Baneling x6  
  145  7:41  Mutalisk  
  145  7:43  Zergling x10  
  152  7:46  Zergling x4  
  152  7:47  Baneling x6  
  152  7:50  Zergling x4  
  156  7:55  Zergling x10  
  152  8:02  Zergling x8  
  152  8:03  Zergling x2  
  143  8:10  Zergling x4  
  145  8:16  Zergling x16  
  145  8:19  Zergling x2  
  147  8:25  Mutalisk x3  
  147  8:26  Mutalisk x2  
  156  8:32  Mutalisk x2  
  160  8:37  Mutalisk  
  160  8:38  Mutalisk  
  164  8:44  Mutalisk x2  
  164  8:46  Infestation Pit  
  167  8:50  Baneling x7  
  167  8:51  Overlord  
  165  8:59  Overlord x2  
  165  9:04  Overlord  
  165  9:05  Evolution Chamber  
  164  9:12  Extractor  
  164  9:13  Overlord  
  164  9:14  Hatchery  
  164  9:15  Extractor  
  164  9:16  Overlord  
  159  9:27  Mutalisk  
  159  9:28  Mutalisk x5  
  159  9:29  Overseer  
  169  9:38  Mutalisk x2  
  169  9:42  Zergling x16  
  177  9:50  Mutalisk x3  
  187  10:11  Drone  
  187  10:12  Drone x2  
  187  10:13  Drone x6  
Tags
 
Add a new tag
Caveats
  • Supply blocks, unpowered buildings, or Contaminate may cause inaccurate times.
  • Supply counts are checked every 10 seconds.